 Dungeon Crawl Stone Soup version 0.16.1-14-g82efdee (webtiles) character file.

179 hulla the Changer (level 5, -2/33 HPs)
             Began as an Octopode Transmuter on Apr 11, 2015.
             Slain by Grinder (8 damage)
             ... on level 4 of the Dungeon.
             The game lasted 00:10:24 (3289 turns).

hulla the Changer (Octopode Transmuter)             Turns: 3289, Time: 00:10:24

Health: -2/33      AC:  2    Str: 10    XL:     5   Next: 59%
Magic:  8/9        EV: 19    Int: 16    God:
Gold:   88         SH:  0    Dex: 17    Spells: 3 memorised, 2 levels left

rFire  . . .     SeeInvis .       - Unarmed
rCold  . . .     Clarity  .     (shield currently unavailable)
rNeg   . . .     SustAb   .     (helmet currently unavailable)
rPois  x         Gourm    .     r - amulet of stasis
rElec  .         Spirit   .     (no ring)
rCorr  .         Warding  .     (no ring)
rMut   .         Stasis   +     (no ring)
MR     .....                    (no ring)
Stlth  ++........               (no ring)
                                (no ring)
                                (no ring)
                                (no ring)

@: spider-form (expiring), not resistant to hostile enchantments, unstealthy
A: almost no armour, amphibious, 8 rings, (constrict 8), (camouflage 0),
(gelatinous body 0)
a: End Transformation


You were on level 4 of the Dungeon.
You were not hungry.
You were a venomous arachnid creature.
You visited 1 branch of the dungeon, and saw 4 of its levels.

You collected 88 gold pieces.

Inventory:

Hand weapons
 a - a +0 hunting sling
Missiles
 b - 44 arrows
 e - 47 stones (quivered)
 g - 7 arrows of flame
 h - 19 poisoned needles
 i - 2 curare-tipped needles
Jewellery
 r - an amulet of stasis (around neck)
 t - an uncursed ring of magical power {unknown}
Magical devices
 o - a wand of flame (29)
Scrolls
 k - 2 scrolls of fear {unknown}
 l - 2 scrolls of magic mapping
 n - a scroll of remove curse
 q - a scroll of identify {unknown}
 s - a scroll of fog {unknown}
Potions
 m - a potion of curing {unknown}
 u - a potion of might {unknown}
 v - a potion of restore abilities
Books
 d - a book of Changes

   Spells                             Type                      Level
   a - Beastly Appendage              Transmutation                1
   b - Sticks to Snakes               Transmutation                2
   c - Spider Form                    Transmutation/Poison         3
   d - Ice Form                       Ice/Transmutation            4
   e - Blade Hands                    Transmutation                5
Comestibles
 c - a chunk of flesh
 f - a beef jerky
 j - 2 bread rations
 p - a meat ration


   Skills:
 - Level 1.0 Fighting
 - Level 2.0 Dodging
 - Level 3.0 Unarmed Combat
 - Level 2.0 Spellcasting
 + Level 4.8 Transmutations
 - Level 3.0 Poison Magic


You had 2 spell levels left.
You knew the following spells:

 Your Spells              Type           Power        Failure   Level  Hunger
a - Beastly Appendage     Trmt           ###...       12%         1    #......
b - Spider Form           Trmt/Pois      ##........   32%         3    ###....
c - Sticks to Snakes      Trmt           ###.......   17%         2    ###....


Dungeon Overview and Level Annotations

Branches:
Dungeon (4/15)
 Temple: D:4-7

Altars:
Kikubaaqudgha
Nemelex Xobeh
Ru
Vehumet

Annotations:
D:4 Grinder


Innate Abilities, Weirdness & Mutations

You cannot wear most types of armour.
You are amphibious.
You can wear up to eight rings at the same time.
((You can use your tentacles to constrict many enemies at once.))
((Your skin changes colour to match your surroundings (Stealth).))
((Your rubbery body absorbs attacks (AC +1).))


Message History

Grinder closely misses you.
You hit Grinder.
Grinder is heavily wounded.
Grinder says, "Are you a fish?" Grinder hits you!
You bite Grinder!
Grinder is severely wounded.
Grinder gestures at you. Pain shoots through your body!
* * * LOW HITPOINT WARNING * * *
You barely miss Grinder.
Grinder is severely wounded.
Grinder completely misses you.
You closely miss Grinder.
Grinder is severely wounded.
Grinder barely misses you.
You hit Grinder.
Grinder is almost dead.
Grinder hits you!
You die...

..# ..# ...
#.# #.#
#####.#
..##<# ##
#5##.#
.##...#s##.#
............#
.##...#.####
#####.# #.#
..# ###


You could see Grinder.

Vanquished Creatures
  A vampire bat (D:2)
  Terence (D:2)
  3 adders
  3 gnolls (D:2)
  2 worms (D:2)
  2 giant geckos (D:1)
  A ball python (D:2)
  2 bat skeletons (D:2)
  3 bat zombies (D:2)
  2 giant cockroaches (D:3)
  10 hobgoblins
  11 bats
  4 giant newts
  7 goblins
  5 kobolds
  10 rats
67 creatures vanquished.

Notes
Turn   | Place    | Note
--------------------------------------------------------------
     0 | D:1      | hulla, the Octopode Transmuter, began the quest for the Orb.
     0 | D:1      | Reached XP level 1. HP: 13/13 MP: 3/3
   138 | D:1      | Reached XP level 2. HP: 15/18 MP: 4/4
   884 | D:1      | Reached XP level 3. HP: 23/23 MP: 6/6
   889 | D:1      | Learned a level 3 spell: Spider Form
   892 | D:1      | Learned a level 2 spell: Sticks to Snakes
  1105 | D:2      | Noticed Terence
  1115 | D:2      | Killed Terence
  1115 | D:2      | Reached skill level 1 in Poison Magic
  1513 | D:2      | Reached XP level 4. HP: 18/28 MP: 4/7
  1594 | D:2      | Found an ancient bone altar of Kikubaaqudgha.
  1601 | D:2      | Reached skill level 4 in Transmutations
  1841 | D:2      | Reached XP level 5. HP: 33/33 MP: 5/9
  2452 | D:2      | Found a sparkling altar of Nemelex Xobeh.
  2602 | D:3      | Found a sacrificial altar of Ru.
  2745 | D:3      | Found a radiant altar of Vehumet.
  3269 | D:4      | Noticed Grinder
  3289 | D:4      | Slain by Grinder

Action                   |  1- 3 |  4- 6 || total
-------------------------+-------+-------++-------
Melee: Unarmed           |    71 |    99 ||   170
 Fire: Hunting sling     |       |     6 ||     6
Throw: Stone             |       |     6 ||     6
 Cast: Beastly Appendage |     5 |     3 ||     8
       Spider Form       |     3 |     9 ||    12
  Use: Potion            |       |     5 ||     5
       Scroll            |       |     2 ||     2
 Stab: Sleeping          |     2 |     3 ||     5
  Eat: Chunk             |     2 |     7 ||     9
